 Dungeon Crawl Stone Soup version 0.29-a0-337-g68df138881 (webtiles) character file.

Game seed: 9018185199915470746

32473 rageheart7 the Fighter (level 13, 0/279 (283) HPs)
             Began as a Red Draconian Gladiator on Apr 17, 2022.
             Was a High Priest of Ashenzari.
             Slain by Rupert
             ... wielding a +2 great mace of holy wrath
              (11 damage)
             ... on level 3 of the Lair of Beasts.
             The game lasted 00:38:49 (13853 turns).

rageheart7 the Fighter (Red Draconian Gladiator)   Turns: 13853, Time: 00:38:49

HP:   0/279 (283)   AC: 26    Str: 18    XL:     13   Next: 31%
MP:   29/29         EV:  2    Int: 18    God:    Ashenzari [*****.]
Gold: 891           SH:  0    Dex: 19    Spells: 12/36 levels left

rFire   . . .      SeeInvis +   r - +11 spear of the Eye in the Sky {drain, rN+, Melee, Alch} (curse)
rCold   . . .      Faith    .   (no shield)
rNeg    + . .      Spirit   .   (body armour unavailable)
rPois   +          Reflect  .   (helmet currently unavailable)
rElec   .          Harm     .   (cloak currently unavailable)
rCorr   .          Rampage  .   (gloves currently unavailable)
Will    .....      Clarity  +   (boots currently unavailable)
Stlth   .......... NoTele   +   g - amulet "Thunder Perfect Mind" {Regen+, Self, Melee} (curse)
HPRegen 1.36/turn               M - ring of Supernal Gnosis {Dex+6, Alch, Evo} (curse)
MPRegen 0.21/turn               u - ring "Chained Negligence" {Int+6, Self, Evo} (curse)

@: berserking, tree-form, lightly drained, very quick
A: stationary, stasis, torment immunity, boosted hp, (breathe fire), AC +8,
unfitting armour, (fire resistance 1), (cold-blooded)
a: Renounce Religion, Curse Item, Shatter the Chains


You were on level 3 of the Lair of Beasts.
You worshipped Ashenzari.
Ashenzari was extremely pleased with you.
You were a tree.
You visited 3 branches of the dungeon, and saw 16 of its levels.
You also visited: Ossuary and Gauntlet.

You collected 891 gold pieces.

Inventory:

Hand Weapons
 o - a +4 quarterstaff of venom
 r - the cursed +11 spear of the Eye in the Sky (weapon) {drain, rN+, Melee, Alch}
   (You took it off Grum on level 8 of the Dungeon)

   A truly terrible weapon, it drains the life of any living foe it strikes.
   rN:        It protects you from negative energy.
   It has a curse which improves the following skills: Melee Combat: Short
   Blades, Long Blades, Axes, Maces & Flails, Polearms, Staves and Unarmed
   Combat.
   Alchemy:   Poison Magic and Transmutations.
Missiles
 s - a throwing net (quivered)
 B - 12 javelins
Armour
 b - the cursed +0 hat "Ensconced Together" (melded) {Self, Cun}

   It has a curse which improves the following skills: Introspection: Fighting
   and Spellcasting.
   Cunning:   Dodging and Stealth.
 f - the cursed +0 pair of gloves "Prophetic Gnosis" (melded) {Fort, Self}
   (You found it on level 1 of the Dungeon)

   It has a curse which improves the following skills: Fortitude: Shields.
   Introspection: Fighting and Spellcasting.
 h - the cursed +1 pair of boots of Ashenzari's Augurer (melded) {Melee, Evo}
   (You found it on level 1 of the Dungeon)

   It has a curse which improves the following skills: Melee Combat: Short
   Blades, Long Blades, Axes, Maces & Flails, Polearms, Staves and Unarmed
   Combat.
   Evocations: Evocations.
 i - the cursed +2 cloak of the Gnostic Suspicion (melded) {rCorr, Melee, Self}
   (You took it off Crazy Yiuf on level 5 of the Dungeon)

   It has a curse which improves the following skills: Melee Combat: Short
   Blades, Long Blades, Axes, Maces & Flails, Polearms, Staves and Unarmed
   Combat.
   Introspection: Fighting and Spellcasting.
 J - a +0 cloak of stealth
Magical Staves
 l - a staff of fire
Jewellery
 g - the cursed amulet "Thunder Perfect Mind" (around neck) {Regen+, Self, Melee}
   (You found it on level 5 of the Dungeon)

   [amulet of regeneration]

   Regen:     It increases your rate of health regeneration.
   It has a curse which improves the following skills: Introspection: Fighting
   and Spellcasting.
   Melee Combat: Short Blades, Long Blades, Axes, Maces & Flails, Polearms,
   Staves and Unarmed Combat.
 u - the cursed ring "Chained Negligence" (right branch) {Int+6, Self, Evo}
   (You found it on level 3 of the Dungeon)

   [ring of intelligence]

   Int:       It affects your intelligence (+6).
   It has a curse which improves the following skills: Introspection: Fighting
   and Spellcasting.
   Evocations: Evocations.
 C - an amulet of reflection
 M - the cursed ring of Supernal Gnosis (left branch) {Dex+6, Alch, Evo}
   (You found it on level 1 of the Lair of Beasts)

   [ring of dexterity]

   Dex:       It affects your dexterity (+6).
   It has a curse which improves the following skills: Alchemy: Poison Magic and
   Transmutations.
   Evocations: Evocations.
Wands
 d - a wand of digging (3)
 m - a wand of iceblast (5)
 A - a wand of charming (4)
 E - a wand of flame (2)
 H - a wand of polymorph (8)
 I - a wand of mindburst (20)
 L - a wand of acid (4)
Scrolls
 c - a scroll of summoning
 p - 3 scrolls of teleportation
 q - 4 scrolls of enchant weapon
 t - a scroll of silence
 y - 3 scrolls of enchant armour
 D - 2 scrolls of fog
 F - a scroll of magic mapping
 K - a scroll of amnesia
Potions
 a - 2 potions of haste
 e - a potion of curing
 j - 2 potions of might
 k - a potion of flight
 n - 3 potions of brilliance
 v - a potion of resistance
 w - 4 potions of cancellation
 x - 2 potions of lignification
 z - 5 potions of attraction
 N - a potion of mutation


   Skills:
 - Level 11.6(15.0) Fighting
 - Level 10.8(14.2) Staves
 - Level 1.7 Throwing
 + Level 9.2 Dodging
 + Level 8.7(12.2) Spellcasting
 * Level 5.7(9.1) Transmutations
 + Level 11.2 Fire Magic
 * Level 4.5 Air Magic


You had 12 spell levels left.
You knew the following spells:

 Your Spells              Type           Power      Damage    Failure   Level
a - Fireball              Conj/Fire      15%        3d8       17%         5
b - Statue Form           Tmut/Erth      18%        N/A       83%         6
c - Storm Form            Tmut/Air       17%        N/A       97%         7
d - Starburst             Conj/Fire      15%        6d6       67%         6

Your spell library contained the following spells:

 Spells                   Type           Power      Damage    Failure   Level
 Ignite Poison            Fire/Tmut/Pois 36%        N/A       1%          3
 Corpse Rot               Necr/Air       38%        N/A       3%          2
 Poisonous Vapours        Pois/Air       40%        N/A       3%          2
 Freeze                   Ice            44%        1d6       6%          1
 Slow                     Hex            44%        N/A       6%          1
 Mephitic Cloud           Conj/Pois/Air  17%        N/A       10%         3
 Petrify                  Tmut/Erth      27%        N/A       10%         4
 Call Canine Familiar     Summ           11%        N/A       19%         3
 Confusing Touch          Hex            11%        N/A       19%         3
 Frozen Ramparts          Ice            22%        1d4       19%         3
 Ozocubu's Armour         Ice            11%        N/A       19%         3
 Portal Projectile        Hex/Tloc       22%        N/A       19%         3
 Vampiric Draining        Necr           11%        2d6       19%         3
 Summon Lightning Spire   Summ/Air       19%        N/A       26%         4
 Dispel Undead            Necr           11%        3d9       54%         4
 Leda's Liquefaction      Hex/Erth       5%         N/A       54%         4
 Freezing Cloud           Conj/Ice/Air   8%         6-21      67%         5
 Iskenderun's Battlesphe  Conj           11%        2d7       87%         5
 Metabolic Englaciation   Hex/Ice        5%         N/A       87%         5
 Summon Forest            Summ/Tloc      5%         N/A       87%         5
 Summon Mana Viper        Hex/Summ       11%        N/A       87%         5
 Conjure Ball Lightning   Conj/Air       9%         3x3d6     98%         6
 Death Channel            Necr           5%         N/A       100%        6
 Simulacrum               Ice/Necr       5%         N/A       100%        6
 Summon Cactus Giant      Summ           5%         N/A       100%        6
 Orb of Destruction       Conj           5%         9d5       100%        7
 Ozocubu's Refrigeration  Ice            5%         4d6       100%        7
 Maxwell's Capacitive Co  Air            13%        ∞         100%        8


Dungeon Overview and Level Annotations

Branches:
Dungeon (12/15)            Temple (1/1) D:4            Lair (3/6) D:10
    Orc (0/2) D:10        Ossuary (visited)         Gauntlet (visited)
  Swamp: Lair:2-4    Shoals: Lair:2-4     Snake: Lair:2-4    Spider: Lair:2-4

Altars:
Ashenzari
Cheibriados
Dithmenos
Elyvilon
Fedhas
Gozag
Hepliaklqana
Kikubaaqudgha
Makhleb
Nemelex Xobeh
Okawaru
Qazlal
Ru
Sif Muna
Trog
Uskayaw
Vehumet
Wu Jian
Xom
Yredelemnul
Zin
The Shining One

Shops:
D:3 ([:!?   D:5 [=?*=   D:6 =

Annotations:
D:5 2 runed translucent doors, kevlar127's ghost, novice TrBe
D:8 3 runed translucent doors, Doorstop00's ghost, novice MiBe; Psyclone's ghost, novice DEIE; mdonais's ghost, novice OpCj
Lair:3 Nergalle; Rupert


Innate Abilities, Weirdness & Mutations

You are a tree.
Your roots penetrate the ground, keeping you stationary.
You cannot be teleported.
You are immune to unholy pain and torment.
Your maximum health is greatly increased.
Your equipment is partially melded.
((You can breathe blasts of fire.))
((Your fiery red scales are hard. (AC +8)))
You cannot fit into any form of body armour.
((Your flesh is heat resistant. (rF+)))
((You are cold-blooded and may be slowed by cold attacks.))


Message History

You barely miss Rupert.
Rupert is lightly wounded.
Rupert hits you but does no damage.
You hit Rupert. You drain Rupert.
Rupert is lightly wounded.
Rupert hits you with a +2 great mace of holy wrath!
You puncture Rupert!
Rupert is lightly wounded.
Rupert hits you with a +2 great mace of holy wrath!!
Nergalle gestures at you while chanting.
Orcish apparitions take form around you.
You feel better. Rupert hits you but does no damage.
Rupert hits you with a +2 great mace of holy wrath!!
* * * LOW HITPOINT WARNING * * *
The spectral orc warrior hits you from afar with a +0 trident.
* * * LOW HITPOINT WARNING * * *
You partially resist.
You feel drained.
Okay, then.
Okay, then.
Okay, then.
Okay, then.
Casting: Fireball (dangerous; 17% risk of failure)
Confirm with . or Enter, or press ? or * to list all spells.
Okay, then.
A red film seems to cover your vision as you go berserk!
You feel yourself moving faster!
You feel mighty!
Rupert hits you with a +2 great mace of holy wrath!!
* * * LOW HITPOINT WARNING * * *
The spectral orc warrior hits you from afar with a +0 trident.
* * * LOW HITPOINT WARNING * * *
You partially resist.
You feel drained.
You puncture Rupert! You drain Rupert.
Rupert is moderately wounded.
Rupert hits you with a +2 great mace of holy wrath!
* * * LOW HITPOINT WARNING * * *
You hit Rupert.
Rupert is moderately wounded.
The spectral orc warrior hits you but does no damage.
Rupert hits you with a +2 great mace of holy wrath!
You die...

#.....#......... , ,
*#...#..........., ,
*.......††......# *
,..#.....(....##
*##....P/...# ,
###.††(.(..#.#
###........### **
.####......P[#* *
*P,,###♣#o..##....,,
,, #. ####@k.###..##
*, ##.###..ZZ.....##
*,*
*##..P##.......#..#*
**,
#.................#*
,
*..#..P#............
,, ,
#.##.##.#....#..P.#*,
,*
*P.P#.##..#......###*
,,,
###.##....#......#.P,
,


You could see Rupert (berserk, drained), Nergalle (drained), a spectral orc
(summoned), a spectral orc warrior (summoned) and a rime drake.

Vanquished Creatures
  Kirke (D:12)
  A minotaur (Gauntlet)
  4 hydras
  A catoblepas (D:10)
  Harold (D:11)
  2 two-headed ogres (D:10)
  A sun demon (Gauntlet)
  An orc knight (D:10)
  An oklob plant (Lair:2)
  A manticore (D:10)
  A moth of wrath (Gauntlet)
  A faun (shapeshifter) (D:10)
  Joseph (D:7)
  2 black mambas
  9 elephants
  A hellion (Gauntlet)
  2 cane toads
  An unseen horror (D:11)
  A rime drake (Lair:2)
  3 komodo dragons
  A troll (D:9)
  Grinder (D:5)
  12 blink frogs
  6 hornets (Lair:2)
  Sigmund (D:5)
  A shadow (D:11)
  2 wyverns
  3 hogs (D:12)
  3 wraiths
  32 yaks
  A steam dragon (Gauntlet)
  A redback (Lair:3)
  2 basilisks
  Grum (D:8)
  2 vampire mosquitoes (D:12)
  Edmund (D:5)
  Menkaure (D:5)
  5 water moccasins
  2 acid dragons
  2 hell hounds (Gauntlet)
  2 black bears
  10 orc warriors
  2 ice beasts (D:6)
  2 ogres
  3 centaurs
  8 wolves
  A phantom (D:5)
  A kobold brigand (D:9)
  Blork the orc (D:5)
  2 gnoll sergeants
  8 bullfrogs
  3 scorpions
  5 wights (D:8)
  9 killer bees
  4 howler monkeys
  A human zombie (Ossuary)
  5 orc priests
  Crazy Yiuf (D:5)
  2 gnoll shamans
  4 hounds
  3 iguanas
  9 orc wizards
  3 mummies (Ossuary)
  Robin (D:2)
  15 gnolls
  7 adders
  2 white imps
  A worm (D:4)
  6 dart slugs
  30 orcs
  5 endoplasms
  4 giant cockroaches
  8 goblins
  9 hobgoblins
  13 jackals
  12 kobolds
  3 quokkas
  3 ball pythons
  6 bats
  6 frilled lizards
  A gnoll zombie (Ossuary)
  4 goblin zombies (Ossuary)
  3 hobgoblin zombies (Ossuary)
  3 kobold zombies (Ossuary)
  An orc zombie (Ossuary)
  7 rats
355 creatures vanquished.

Vanquished Creatures (others)
  A raiju (Gauntlet)
  An orc (D:5)
  A demonic plant (Gauntlet)
  16 fungi
  12 plants
31 creatures vanquished.

Grand Total: 386 creatures vanquished

Notes
Turn   | Place    | Note
-------+----------+-------------------------------------------
     0 | D:1      | rageheart7 the Draconian Gladiator began the quest for the
                  | Orb.
     0 | D:1      | Reached XP level 1. HP: 17/17 MP: 1/1
   124 | D:1      | Reached XP level 2. HP: 13/25 MP: 2/2
  1401 | D:2      | Reached XP level 3. HP: 29/31 MP: 3/3
  1645 | D:2      | Found a basalt altar of Yredelemnul.
  1885 | D:2      | Noticed Robin
  1903 | D:2      | Killed Robin
  2224 | D:3      | Reached XP level 4. HP: 38/40 MP: 4/4
  2243 | D:3      | Found a faded altar of an unknown god.
  2257 | D:3      | Found Jagopir's Magic Scroll Shop.
  2402 | D:3      | Found Uclyagax's Distillery.
  2589 | D:3      | Found Giki's Weapon Shop.
  2728 | D:3      | Reached XP level 5. HP: 36/47 MP: 5/5
  2870 | D:3      | Found Moiciuch's Armour Shop.
  2881 | D:3      | Found Weegogiess's Book Boutique.
  2981 | D:4      | Found a staircase to the Ecumenical Temple.
  2992 | Temple   | Entered the Ecumenical Temple
  3079 | Temple   | Became a worshipper of Ashenzari the Shackled
  3228 | D:4      | Found a sand-covered staircase.
  3235 | Ossuary  | Entered an ossuary
  3235 | Ossuary  | Noticed a wraith
  3235 | Ossuary  | Noticed a wraith
  3235 | Ossuary  | Noticed a wraith
  3542 | Ossuary  | Reached skill level 5 in Staves
  3555 | Ossuary  | Noticed a wraith
  3558 | Ossuary  | Killed a wraith
  3559 | Ossuary  | Reached skill level 5 in Fighting
  3559 | Ossuary  | Reached XP level 6. HP: 48/56 MP: 6/6
  4262 | D:4      | Your scales start taking on a fiery red colour.
  4262 | D:4      | Reached XP level 7. HP: 62/63 MP: 7/7
  4262 | D:4      | Gained mutation: Your flesh is heat resistant. (rF+) [Red
                  | Draconian growth]
  4444 | D:5      | Entered Level 5 of the Dungeon
  4444 | D:5      | Found a large runed translucent door.
  4444 | D:5      | Found a large runed translucent door.
  4856 | D:5      | Reached skill level 1 in Spellcasting
  4950 | D:5      | Noticed kevlar127's ghost (novice TrBe)
  5232 | D:5      | Noticed Menkaure
  5238 | D:5      | Killed Menkaure
  5286 | D:5      | Noticed Sigmund
  5293 | D:5      | Reached XP level 8. HP: 73/73 MP: 10/10
  5310 | D:5      | Killed Sigmund
  5325 | D:5      | Noticed Blork the orc
  5332 | D:5      | Killed Blork the orc
  5347 | D:5      | Found Guprop Teph's Armour Boutique.
  5348 | D:5      | Found Tedof's Jewellery Emporium.
  5349 | D:5      | Found Xionouc's Magic Scroll Shop.
  5351 | D:5      | Found Ohaskeen's Jewellery Emporium.
  5351 | D:5      | Found Vathrato's General Store.
  5607 | D:5      | Noticed Edmund
  5630 | D:5      | Killed Edmund
  5704 | D:5      | Found a runed translucent door.
  5705 | D:5      | Noticed Crazy Yiuf
  5797 | D:5      | Noticed Grinder
  5802 | D:5      | Paralysed by Grinder for 6 turns
  5821 | D:5      | Killed Grinder
  6038 | D:5      | Killed Crazy Yiuf
  6231 | D:6      | Reached XP level 9. HP: 56/83 MP: 14/14
  6372 | D:6      | Found a glowing golden altar of the Shining One.
  6588 | D:6      | Found Xoisa's Jewellery Shoppe.
  6686 | D:7      | Reached * piety under Ashenzari
  6701 | D:7      | Noticed Joseph
  6720 | D:7      | Killed Joseph
  6721 | D:7      | Reached skill level 10 in Fighting
  7269 | D:8      | Noticed Grum
  7281 | D:8      | Reached ** piety under Ashenzari
  7298 | D:8      | Found a runed translucent gate.
  7299 | D:8      | Found a runed translucent gate.
  7299 | D:8      | Found a runed translucent gate.
  7300 | D:8      | Noticed Psyclone's ghost (novice DEIE)
  7301 | D:8      | Noticed Doorstop00's ghost (novice MiBe)
  7301 | D:8      | Noticed mdonais's ghost (novice OpCj)
  7368 | D:8      | Reached skill level 10 in Staves
  7368 | D:8      | Reached XP level 10. HP: 96/99 MP: 18/20
  7378 | D:8      | Reached skill level 5 in Spellcasting
  7633 | D:8      | Identified the +11 spear of Trauma {drain, rN+}
  7641 | D:8      | Killed Grum
  7873 | D:8      | Reached *** piety under Ashenzari
  7992 | D:8      | Learned a level 5 spell: Fireball
  8285 | D:9      | Found a blossoming altar of Fedhas.
  8374 | D:9      | Found a sparkling altar of Nemelex Xobeh.
  8973 | D:10     | Entered Level 10 of the Dungeon
  8996 | D:10     | Found an iron altar of Okawaru.
  9080 | D:10     | Found a staircase to the Orcish Mines.
  9081 | D:10     | Noticed a two-headed ogre
  9088 | D:10     | Killed a two-headed ogre
  9152 | D:10     | Found a sacrificial altar of Ru.
  9308 | D:10     | Noticed a two-headed ogre
  9313 | D:10     | Noticed a catoblepas
  9316 | D:10     | Noticed an orc knight
  9406 | D:10     | Killed an orc knight
  9601 | D:10     | Reached XP level 11. HP: 109/113 MP: 25/25
  9674 | D:10     | Killed a two-headed ogre
  9694 | D:10     | Killed a catoblepas
  9695 | D:10     | Reached skill level 5 in Fire Magic
  9709 | D:10     | Reached skill level 5 in Dodging
  9818 | D:10     | Reached **** piety under Ashenzari
  9948 | D:10     | Found a staircase to the Lair.
 10335 | D:11     | Noticed Harold
 10360 | D:11     | Killed Harold
 10874 | D:12     | Noticed Kirke
 10892 | D:12     | Killed Kirke
 11073 | D:12     | Noticed a skeletal warrior
 11075 | D:12     | Noticed a skeletal warrior
 11190 | Lair:1   | Entered Level 1 of the Lair of Beasts
 11196 | Lair:1   | Noticed an eight-headed hydra
 11211 | Lair:1   | Killed an eight-headed hydra
 11225 | Lair:1   | Found a gate leading to a gauntlet.
 11234 | Gauntlet | Entered a Gauntlet
 11234 | Gauntlet | Found a transporter.
 11234 | Gauntlet | Found a transporter.
 11296 | Gauntlet | Found a transporter.
 11296 | Gauntlet | Found a transporter.
 11307 | Gauntlet | Found a transporter.
 11314 | Gauntlet | Found a transporter.
 11315 | Gauntlet | Noticed a catoblepas
 11324 | Gauntlet | Found a transporter.
 11324 | Gauntlet | Found a transporter.
 11325 | Gauntlet | Noticed a sun demon
 11344 | Gauntlet | Found a transporter.
 11348 | Gauntlet | Noticed a four-headed hydra
 11367 | Gauntlet | Found a transporter.
 11367 | Gauntlet | Identified the +5 mace "Putophas" {vorpal, *Noise Will+
                  | MP+9 Str+2}
 11424 | Gauntlet | Reached ***** piety under Ashenzari
 11477 | Gauntlet | Found a transporter.
 11492 | Gauntlet | Found a transporter.
 11507 | Gauntlet | Found a transporter.
 11586 | Gauntlet | Reached XP level 12. HP: 109/127 MP: 30/30
 11796 | Gauntlet | Identified the +2 fustibalus of Wyrd {vorpal, rC+}
 11796 | Gauntlet | Noticed a minotaur
 11809 | Gauntlet | HP: 11/267 [minotaur/staff of poison (3)]
 11810 | Gauntlet | Killed a minotaur
 11851 | Gauntlet | Identified the cursed +2 cloak of the Gnostic Suspicion
                  | {rCorr, Melee, Self} (You took it off Crazy Yiuf on level 5
                  | of the Dungeon)
 11851 | Gauntlet | Identified the cursed +0 hat "Ensconced Together" {Self,
                  | Cun}
 11851 | Gauntlet | Identified the cursed +0 pair of gloves "Prophetic Gnosis"
                  | {Fort, Self} (You found it on level 1 of the Dungeon)
 11851 | Gauntlet | Identified the cursed +1 pair of boots of Ashenzari's
                  | Augurer {Melee, Evo} (You found it on level 1 of the
                  | Dungeon)
 12181 | Lair:1   | Reached skill level 10 in Fire Magic
 12356 | Lair:1   | Reached skill level 1 in Transmutations
 12401 | Lair:1   | Noticed an eight-headed hydra
 12409 | Lair:1   | Killed an eight-headed hydra
 12621 | Lair:1   | Learned a level 6 spell: Statue Form
 12629 | Lair:1   | Learned a level 7 spell: Storm Form
 12788 | Lair:2   | Paralysed by a hornet for 2 turns
 12798 | Lair:2   | Reached skill level 1 in Air Magic
 13113 | Lair:2   | Reached XP level 13. HP: 134/134 MP: 32/32
 13635 | Lair:2   | Identified the Catalogue of the Earth
 13651 | Lair:2   | Learned a level 6 spell: Starburst
 13708 | Lair:3   | Reached skill level 5 in Transmutations
 13827 | Lair:3   | Noticed Nergalle
 13831 | Lair:3   | Noticed Rupert
 13852 | Lair:3   | HP: 11/279 [Rupert/+2 great mace of holy wrath (13)]
 13853 | Lair:3   | Slain by Rupert

Illustrated notes

Levels and vault maps discovered:
D:1:      minmay_arrival_arboretum_large, layout_loops_corners
D:2:      layout_basic, basic_altar, uniq_robin
D:3:      layout_rooms, serial_shops, nicolae_shop_stone, shop_fountains, shop,
          shop, shop, ebering_ecumenical_altar_petrified
D:4:      layout_basic, minmay_temple_entry_junction_2,
          chequers_ossuary_entry_cave
D:5:      layout_rooms, ebering_ghost_disaster_area, serial_rivers,
          chequers_serial_rivers_large_b, chequers_serial_rivers_marsh,
          chequers_serial_rivers_large_a, chequers_serial_rivers_small_a,
          chequers_serial_rivers_small_b, chequers_serial_rivers_micro_c,
          nicolae_wooded_promenade, nicolae_underground_beach, uniq_grinder,
          uniq_blork_the_orc, uniq_crazy_yiuf_cottage, uniq_edmund,
          uniq_menkaure, uniq_sigmund
D:6:      layout_rooms, mainiacjoe_overflow_boulevard, serial_shops,
          kennysheep_mini
D:7:      layout_rooms, uniq_joseph
D:8:      layout_basic, gammafunk_ghost_cemetery, uniq_grum
D:9:      layout_gridville, mainiacjoe_overflow_catch_the_wave
D:10:     cheibrodos_barr_body, layout_stronghold, amcnicky_altar_gilded,
          okawaru_metal_pillars_1_2, grunt_lair_entry_orc_guard_hut, orc_0_dummy
D:11:     layout_roguey, uniq_harold
D:12:     layout_roguey [special_room_orc], serial_co_window_serial,
          co_window_cross_1, co_window_paths_a, co_window_of_opportunity_a,
          co_window_of_opportunity_a, co_window_corner_a, co_window_paths_a,
          co_window_corner_a, co_window_broadway_c, co_window_of_opportunity_b,
          co_window_broadway_b, co_window_corner_ca, co_window_sun,
          co_window_paths_d, glass_columns_b, glass_columns_a, glass_columns_a,
          glass_columns_c, glass_columns_a, minivault_24, uniq_kirke,
          uniq_gastronok, uniq_snorg
Temple:   minmay_temple_bridge_d
Lair:1:   layout_concentric_octagons, gauntlet_entry_generic
Lair:2:   layout_cave_pods, minivault_26, minmay_lair_oklob_bushes,
          dreamdust_wasp_nest
Lair:3:   layout_loops_ring, spider_nest_entry_a, grunt_megastairs_3,
          lemuel_fruit_tree, serial_bayou_shore_a, uniq_nergalle, uniq_rupert

Skill      XL: |  1  2  3  4  5  6  7  8  9 10 11 12 13 |
---------------+----------------------------------------+-----
Fighting       | 3 4 5 6 7 8 10 11 | 11.6
Staves         | 4 5 6 7 8 10 | 10.8
Spellcasting   | 1 3 4 6 8 |  8.7
Dodging        | 4 6 8 9 |  9.2
Fire Magic     | 3 8 10 11 | 11.2
Transmutations | 4 5 |  5.7
Air Magic      | 2 4 |  4.5
Throwing       | |  1.7

Action                   |  1- 3 |  4- 6 |  7- 9 | 10-12 | 13-15 || total
-------------------------+-------+-------+-------+-------+-------++-------
Melee: Quarterstaff      |   125 |    29 |   161 |    20 |       ||   335
       Tailslap          |    13 |    27 |    43 |   101 |    31 ||   215
       Dagger            |       |   156 |   151 |       |       ||   307
       Punch             |       |     1 |     2 |    12 |     1 ||    16
       Spear             |       |       |       |   619 |   133 ||   752
Invok: Curse Item        |       |       |     3 |     5 |       ||     8
 Abil: Breathe Fire      |       |       |     7 |     5 |       ||    12
Evoke: Wand              |       |       |       |    19 |     7 ||    26
  Use: Scroll            |       |     9 |    10 |     3 |       ||    22
       Potion            |       |       |     7 |    13 |     3 ||    23
 Stab: Sleeping          |     3 |       |       |       |     1 ||     4
       Invisible         |       |       |     1 |     1 |       ||     2
       Distracted        |       |       |       |     1 |       ||     1
Armor: Skin              |    52 |    72 |    97 |   167 |    55 ||   443
Dodge: Dodged            |    73 |   133 |   167 |   369 |   104 ||   846

Table legend: (Time is in decaauts)
 A = Elapsed time spent in this place.
 B = Non-inter-level travel time spent in this place.
 C = Inter-level travel time spent in this place.
 D = Time resting spent in this place.
 E = Time spent auto-exploring this place.
 F = Levels seen in this place.
 G = Mean time per level.
                   A        B        C        D        E       F      G
               +--------+--------+--------+--------+--------+-----+--------+
         Total |  13715 |  13283 |    432 |    170 |   9757 |  18 |  761.9 |
       Dungeon |  10493 |  10251 |    242 |     82 |   8109 |  12 |  874.4 |
        Temple |    160 |     23 |    137 |      0 |      0 |   1 |  160.0 |
          Lair |   1946 |   1893 |     53 |      0 |   1132 |   3 |  648.7 |
       Ossuary |    499 |    499 |      0 |      0 |    398 |   1 |  499.0 |
      Gauntlet |    616 |    616 |      0 |     88 |    118 |   1 |  616.0 |
               +--------+--------+--------+--------+--------+-----+--------+

Top non-repeatable levels by time:
     D:5: 1292 daAuts
     D:4: 1208 daAuts
     D:8: 1146 daAuts
     D:1: 1139 daAuts
    D:10: 1133 daAuts
     D:2: 1068 daAuts
  Lair:2: 1000 daAuts
  Lair:1: 788 daAuts
     D:3: 778 daAuts
     D:9: 708 daAuts
    D:11: 640 daAuts
Gauntlet: 616 daAuts
     D:6: 547 daAuts
 Ossuary: 499 daAuts
     D:7: 427 daAuts
